 Dungeon Crawl Stone Soup version 0.18-a0-1180-g64ccc1e (webtiles) character file.

1115 JustSomeDude the Ducker (level 8, 62/62 HPs)
             Began as a Demonspawn Monk on Jan 27, 2016.
             Was a Believer of Qazlal.
             Quit the game on level 5 of the Dungeon.
             The game lasted 00:06:39 (3950 turns).

JustSomeDude the Ducker (Demonspawn Monk)           Turns: 3950, Time: 00:06:39

Health: 62/62      AC:  2    Str: 15    XL:     8   Next: 12%
Magic:  8/8        EV: 15    Int: 11    God:    Qazlal [**....]
Gold:   245        SH:  3    Dex: 20    Spells: 0 memorised, 7 levels left

rFire  . . .     SeeInvis .     j - +0 hand axe
rCold  + . .     Gourm    .     i - +0 ring mail
rNeg   . . .     Faith    .     (no shield)
rPois  .         Spirit   .     (helmet restricted)
rElec  .         Dismiss  .     (no cloak)
rCorr  .         Reflect  .     (no gloves)
SustAt .         Harm     .     (no boots)
MR     .....     Rnd*Tele +     m - amulet of inaccuracy (curse)
Stlth  ++........               n - ring of protection from cold (curse)
                                d - +5 ring of dexterity

@: not resistant to hostile enchantments, unstealthy
A: claws 1, horns 1, talons 2, deformed body, dopey 1, screaming 1, spiny 1,
strong 1, teleportitis 1, rot immunity
a: Upheaval, Renounce Religion


You were on level 5 of the Dungeon.
You worshipped Qazlal.
Qazlal was pleased with you.
You were not hungry.

You visited 1 branch of the dungeon, and saw 5 of its levels.

You collected 245 gold pieces.

Inventory:

Hand Weapons
 j - a +0 hand axe (weapon)
Armour
 a - a +1 robe
 i - a +0 ring mail (worn)
Jewellery
 d - a +5 ring of dexterity (left claw)
 h - an uncursed ring of magical power
 m - a cursed amulet of inaccuracy (around neck)
 n - a cursed ring of protection from cold (right claw)
 t - an uncursed ring of magical power
Wands
 q - a wand of paralysis (12/24)
 u - a wand of digging (7/24)
 v - a wand of polymorph (16/24)
Scrolls
 k - 2 scrolls of fog {unknown}
 p - a scroll of magic mapping
 w - a scroll of remove curse
 x - 2 scrolls of enchant weapon
 y - 2 scrolls of identify {unknown}
Potions
 c - 2 potions of brilliance {unknown}
 e - a potion of cure mutation {unknown}
 f - 2 potions of lignification
 g - 3 potions of might
 o - a potion of cancellation {unknown}
 r - a potion of poison {unknown}
 s - a potion of haste
Comestibles
 b - 3 bread rations
 z - a meat ration


   Skills:
 + Level 5.1 Fighting
 + Level 2.8 Axes
 + Level 1.8 Armour
 + Level 5.5 Dodging
 + Level 4.8 Stealth
 + Level 4.2 Unarmed Combat


You had 7 spell levels left.
You didn't know any spells.

Dungeon Overview and Level Annotations

Branches:
Dungeon (5/15)
 Temple: D:4-7

Altars:
Cheibriados
Kikubaaqudgha
Makhleb
Okawaru
Qazlal
Vehumet


Innate Abilities, Weirdness & Mutations

You have sharp fingernails.
You have a pair of small horns on your head.
You have razor-sharp toenails.
You are partially covered in sharp spines.
You are immune to rotting.
Armour fits poorly on your strangely shaped body.
You are dopey. (Int -2)
You occasionally shout uncontrollably at your foes.
Your muscles are strong. (Str +2)
You are occasionally teleported next to monsters.


Message History

No target in view!
k - 2 scrolls labeled EJOCIM JATIESCH (gained 1) Key pressed, stopping explore.
No target in view!
There is a stone staircase leading down here.
Found 12 poisoned needles.
No target in view!
You see here 12 poisoned needles.
Found a stone staircase leading up.
No target in view!
Done exploring.
No target in view!
Done exploring.
No target in view!
Done exploring.
No target in view!
Done exploring.
No target in view!
Done exploring.
Are you sure you want to abandon this character and quit the game? (Confirm with "yes".)

#.# ####.# ...#.# ...#.#
...#(# ...#.# ####.#
#.###################
#............@....<.#
########################
......# ......# ......#
......# ......# ......#
......#


There were no monsters in sight!

Vanquished Creatures
  Pikel (D:4)
  A sky beast (D:5)
  4 slaves (D:4)
  A centaur (D:5)
  A scorpion (D:4)
  A water moccasin skeleton (D:4)
  A hound (D:4)
  A jelly (D:5)
  An orc wizard (D:4)
  A centaur skeleton (D:4)
  Terence (D:3)
  A hound skeleton (D:4)
  8 adders
  6 gnolls
  2 oozes
  3 worms
  3 giant geckos
  4 orcs
  10 bats
  2 giant cockroaches (D:1)
  6 goblins
  6 hobgoblins
  16 jackals
  A quokka (D:2)
  A ball python (D:2)
  3 giant newts
  5 kobolds
  11 rats
102 creatures vanquished.

Notes
Turn   | Place    | Note
--------------------------------------------------------------
     0 | D:1      | JustSomeDude the Demonspawn Monk began the quest for the Orb.
     0 | D:1      | Reached XP level 1. HP: 18/18 MP: 1/1
   107 | D:1      | Gained mutation: You are partially covered in sharp spines. [demonic ancestry]
   107 | D:1      | Reached XP level 2. HP: 24/24 MP: 2/2
   708 | D:2      | Reached skill level 4 in Unarmed Combat
   728 | D:2      | Gained mutation: You are immune to rotting. [demonic ancestry]
   728 | D:2      | Reached XP level 3. HP: 8/29 MP: 3/3
  1090 | D:2      | Gained mutation: You have sharp toenails. [demonic ancestry]
  1090 | D:2      | Reached XP level 4. HP: 27/35 MP: 4/4
  1747 | D:3      | Found an iron altar of Okawaru.
  1856 | D:3      | Found a snail-covered altar of Cheibriados.
  1885 | D:3      | Noticed Terence
  1894 | D:3      | Killed Terence
  1894 | D:3      | Gained mutation: You have a pair of small horns on your head. [demonic ancestry]
  1894 | D:3      | Reached XP level 5. HP: 17/42 MP: 5/5
  2087 | D:3      | Found a stormy altar of Qazlal.
  2241 | D:3      | Found a burning altar of Makhleb.
  2594 | D:3      | Became a worshipper of Qazlal Stormbringer
  2594 | D:3      | Reached * piety under Qazlal
  2594 | D:3      | Reached ** piety under Qazlal
  2745 | D:4      | Reached skill level 1 in Axes
  2888 | D:4      | Gained mutation: You have razor-sharp toenails. [demonic ancestry]
  2888 | D:4      | Reached XP level 6. HP: 41/48 MP: 6/6
  2897 | D:4      | Noticed a slave
  2901 | D:4      | Noticed a slave
  2902 | D:4      | Noticed Pikel
  2902 | D:4      | Killed a slave
  2906 | D:4      | Noticed a slave
  2907 | D:4      | Killed a slave
  2909 | D:4      | Noticed a slave
  2914 | D:4      | Killed a slave
  2925 | D:4      | Killed Pikel
  2925 | D:4      | Reached skill level 5 in Dodging
  2925 | D:4      | Gained mutation: You have sharp fingernails. [demonic ancestry]
  2925 | D:4      | Reached XP level 7. HP: 23/55 MP: 7/7
  2930 | D:4      | Reached skill level 1 in Armour
  2936 | D:4      | Found an ancient bone altar of Kikubaaqudgha.
  3431 | D:4      | Found a radiant altar of Vehumet.
  3449 | D:5      | Entered Level 5 of the Dungeon
  3481 | D:5      | Reached skill level 5 in Fighting
  3701 | D:5      | Reached XP level 8. HP: 48/62 MP: 8/8
  3727 | D:5      | Gained mutation: You are dopey. (Int -2) [mutagenic meat]
  3728 | D:5      | Gained mutation: Armour fits poorly on your strangely shaped body. [mutagenic meat]
  3729 | D:5      | Gained mutation: You occasionally shout uncontrollably at your foes. [mutagenic meat]
  3730 | D:5      | Gained mutation: Your muscles are strong. (Str +2) [mutagenic meat]
  3731 | D:5      | Gained mutation: You are occasionally teleported next to monsters. [mutagenic meat]
  3950 | D:5      | Quit the game

Vault maps used:
D:1:      dpeg_arrival_solitude
D:3:      lemuel_doored_altar, overflow_temple_1_default,
          overflow_temple_1_default, nicolae_overflow_crystal_walls,
          first_bread, uniq_terence
D:4:      kennysheep_mini, kiku_gazebo_garden_becter, uniq_pikel
D:5:      minmay_holes, kennysheep_generic_room_10

Action                   |  1- 3 |  4- 6 |  7- 9 || total
-------------------------+-------+-------+-------++-------
Melee: Unarmed           |    34 |       |       ||    34
       Hand axe          |    19 |   106 |    55 ||   180
  Use: Scroll            |     2 |     4 |       ||     6
       Potion            |       |     3 |     2 ||     5
 Stab: Sleeping          |     4 |     8 |       ||    12
       Distracted        |       |     1 |       ||     1
  Eat: Bread ration      |       |     1 |     1 ||     2
       Beef jerky        |       |     1 |       ||     1
       Royal jelly       |       |       |     1 ||     1
       Chunk             |       |       |     5 ||     5
